 Dungeon Crawl Stone Soup version 0.23.0 (webtiles) character file.

Game seed: 4685162477442166265

35805 Infinimo the Brawler (level 13, -9/123 HPs)
             Began as a Minotaur Monk on Feb 12, 2019.
             Was the Champion of Okawaru.
             Killed from afar by an oklob plant (13 damage)
             ... with a splash of acid
             ... on level 3 of the Lair of Beasts.
             The game lasted 00:23:58 (15237 turns).

Infinimo the Brawler (Minotaur Monk)               Turns: 15237, Time: 00:23:58

Health: -9/123     AC: -2    Str: 31    XL:     13   Next: 49%
Magic:  3/3        EV: 10    Int: 11    God:    Okawaru [******]
Gold:   19         SH:  6    Dex: 18    Spells: 12/12 levels left

rFire    . . .     SeeInvis .     - Unarmed
rCold    . . .     Gourm    .   t - +0 buckler of Wokhlat {rN+ Regen+ MP-9 Str+5}
rNeg     + + .     Faith    .   u - +0 plate armour
rPois    +         Spirit   .   (helmet restricted)
rElec    .         Reflect  .   E - +1 cloak {rPois}
rCorr    .         Harm     .   f - +4 pair of gloves "Futuph" {rPois rN+ Int+4}
MR       .....                  z - +0 pair of boots
Stlth    ..........             (no amulet)
HPRegen  0.70/turn              p - +5 ring of strength
MPRegen  0.08/turn              D - +5 ring of dexterity

@: corroded
A: retaliatory headbutt, horns 2
a: Heroism, Finesse, Renounce Religion


You were on level 3 of the Lair of Beasts.
You worshipped Okawaru.
Okawaru was exalted by your worship.
You were very hungry.

You visited 2 branches of the dungeon, and saw 14 of its levels.

You collected 867 gold pieces.
You spent 848 gold pieces at shops.

Inventory:

Armour
 f - the +4 pair of gloves "Futuph" (worn) {rPois rN+ Int+4}
   (You bought it in a shop on level 4 of the Dungeon)

   It affects your intelligence (+4).
   It protects you from poison.
   It protects you from negative energy.
 t - the +0 buckler of Wokhlat (worn) {rN+ Regen+ MP-9 Str+5}
   (You bought it in a shop on level 4 of the Dungeon)

   It affects your strength (+5).
   It protects you from negative energy.
   It affects your magic capacity (-9).
   It increases your rate of regeneration.
 u - a +0 plate armour (worn)
 z - a +0 pair of boots (worn)
 E - a +1 cloak of poison resistance (worn)
Jewellery
 p - a +5 ring of strength (left hand)
 D - a +5 ring of dexterity (right hand)
Wands
 w - a wand of acid (10)
 y - a wand of digging (5)
Scrolls
 a - 5 scrolls of teleportation
 c - 5 scrolls of identify
 j - a scroll of amnesia
 n - a scroll of fog
 q - 5 scrolls of remove curse
 x - a scroll of enchant weapon
 A - a scroll of brand weapon
 C - 2 scrolls of blinking
Potions
 d - 3 potions of agility
 e - 2 potions of curing
 g - 3 potions of flight
 h - a potion of invisibility
 i - a potion of ambrosia
 k - 2 potions of magic
 m - 3 potions of mutation
 s - 2 potions of degeneration
 v - a potion of heal wounds
Comestibles
 b - 21 rations


   Skills:
 + Level 13.7 Fighting
 + Level 13.2 Armour
 - Level 3.2 Dodging
 - Level 1.5 Stealth
 - Level 6.0 Shields
 * Level 16.9 Unarmed Combat


You had 12 spell levels left.
You didn't know any spells.
Your spell library contained the following spells:

 Spells                   Type           Power        Failure   Level  Hunger
 Magic Dart               Conj           #...         90%         1    ##.....
 Searing Ray              Conj           #.....       97%         2    ###....
 Dazzling Spray           Conj/Hex       #.....       99%         3    ####...
 Force Lance              Conj/Tloc      #.......     100%        4    #####..
 Fulminant Prism          Conj/Hex       #.........   100%        4    #####..
 Iskenderun's Mystic Bla  Conj           #.......     100%        4    #####..
 Leda's Liquefaction      Hex/Erth       #.........   100%        4    #####..
 Bolt of Magma            Conj/Fire/Erth #.........   100%        5    ######.
 Iron Shot                Conj/Erth      #.........   100%        6    #######
 Statue Form              Tmut/Erth      #........    100%        6    #######
 Shatter                  Erth           #.........   100%        9    #######


Dungeon Overview and Level Annotations

Branches:
Dungeon (11/15)            Temple (0/1) D:7            Lair (3/6) D:10
  Swamp (0/4) Lair:2       Spider (0/4) Lair:2          Orc (0/2) D:11

Altars:
Ashenzari
Elyvilon
Nemelex Xobeh
Okawaru
Sif Muna
Wu Jian
Xom
Zin
The Shining One
Beogh

Shops:
D:4 [*[(}   D:7 !   D:11 (

Annotations:
D:4 1 runed translucent door, Peloso's ghost, amateur MiFi
Lair:3 exclusion: 2 oklob plants


Innate Abilities, Weirdness & Mutations

You reflexively headbutt those who attack you in melee.
You have a pair of horns on your head.


Message History

* * * LOW HITPOINT WARNING * * *
The acid corrodes you!
You are splashed with acid!
* * * LOW HITPOINT WARNING * * *
The oklob plant spits acid at you. You block the splash of acid.
You feel much better. The oklob plant spits acid at you.
The splash of acid hits you!
* * * LOW HITPOINT WARNING * * *
The acid corrodes you!
You are splashed with acid!
* * * LOW HITPOINT WARNING * * *
You feel much better. The oklob plant spits acid at you.
The splash of acid hits you!
* * * LOW HITPOINT WARNING * * *
The acid corrodes you!
You are splashed with acid!
* * * LOW HITPOINT WARNING * * *
The oklob plant spits acid at you. The splash of acid hits you!
You die...

## #.# #.# ###### ###
####.#####.#.P#### ##.#
#P$.(#.....#.....# ...## ###
#@([.#............
...P#######.####$$..#............
...###.##.#..#....$P#............
........[......#.P.P#............
#.####...##..##............#.....
..############...................
#.PP#######.#P.....#....###......
.........#..##..........#.#......
..................P#.............


You could see 2 oklob plants.

Vanquished Creatures
  The ghost of P0WERM0DE the Cleaver, a journeyman DDFi of Makhleb (Lair:2)
  Erolcha (D:9)
  4 hydras
  Fannar (D:10)
  A two-headed ogre (D:8)
  The ghost of Masnef the Destroyer, a journeyman DEMo of Vehumet (Lair:2)
  Urug (D:10)
  An unseen horror (D:11)
  An orc knight (D:11)
  Pikel (D:7)
  2 ugly things
  A manticore (D:9)
  An oklob plant (Lair:3)
  A cyclops (D:10)
  Maurice (D:10)
  8 elephants (Lair:2)
  2 black mambas
  6 spiny frogs
  A torpor snail (Lair:3)
  2 komodo dragons
  A tengu conjurer (D:11)
  Prince Ribbit (D:8)
  A jumping spider (Lair:2)
  3 hornets (D:9)
  3 slime creatures (D:10)
  11 blink frogs
  4 hippogriffs
  4 redbacks (Lair:2)
  32 yaks
  3 wraiths (D:11)
  A wyvern (D:11)
  2 basilisks
  3 hungry ghosts
  Eustachio (D:5)
  3 water moccasins
  9 porcupines
  A swamp drake (Lair:2)
  6 orc warriors
  2 ice beasts
  A necrophage (D:10)
  3 sky beasts
  7 ogres
  5 centaurs
  9 crocodiles
  5 big kobolds
  15 bullfrogs
  2 wyvern zombies
  3 scorpions
  4 wights (D:10)
  9 howler monkeys
  3 electric eels (Lair:3)
  2 centaur zombies
  2 bullfrog zombies (D:5)
  A quasit (D:8)
  A centaur skeleton (D:4)
  8 hounds
  9 orc wizards
  7 orc priests
  7 jellies
  Crazy Yiuf (D:7)
  A bullfrog skeleton (D:10)
  9 iguanas
  8 worker ants
  2 hound zombies
  A howler monkey zombie (D:8)
  2 worker ant zombies
  7 adders
  6 gnolls
  2 shadow imps
  A white imp (D:6)
  6 oozes
  3 adder skeletons
  4 worms
  A dart slug (D:1)
  6 leopard geckos
  67 orcs
  A ball python (D:2)
  3 giant cockroaches
  10 goblins
  8 hobgoblins
  17 jackals
  4 quokkas
  4 bats
  10 frilled lizards
  A goblin skeleton (D:6)
  3 hobgoblin zombies (D:6)
  24 kobolds
  A kobold zombie (D:6)
  A leopard gecko skeleton (D:6)
  2 orc skeletons (D:6)
  An orc zombie (D:6)
  4 rats
453 creatures vanquished.

Vanquished Creatures (others)
  A slave (D:7)
  4 gnolls (D:7)
  2 fungi
  4 plants (Lair:3)
  A withered plant (Lair:2)
12 creatures vanquished.

Grand Total: 465 creatures vanquished

Notes
Turn   | Place    | Note
-------+----------+-------------------------------------------
     0 | D:1      | Infinimo the Minotaur Monk began the quest for the Orb.
     0 | D:1      | Reached XP level 1. HP: 19/19 MP: 0/0
    86 | D:1      | Reached XP level 2. HP: 8/27 MP: 1/1
   418 | D:1      | Reached skill level 1 in Armour
   755 | D:1      | Reached skill level 4 in Unarmed Combat
   762 | D:1      | Reached XP level 3. HP: 31/33 MP: 2/2
  1861 | D:1      | Reached XP level 4. HP: 39/40 MP: 3/3
  2621 | D:3      | You fall through a shaft!
  2707 | D:4      | Reached skill level 5 in Unarmed Combat
  2709 | D:4      | Found Kafoix's Gadget Shoppe.
  2833 | D:4      | Reached XP level 5. HP: 44/47 MP: 4/4
  3239 | D:4      | Found Kehim's Armour Emporium.
  3265 | D:4      | Found a runed translucent door.
  3267 | D:4      | Noticed Peloso's ghost (amateur MiFi)
  3384 | D:4      | Reached skill level 5 in Fighting
  3391 | D:4      | Reached XP level 6. HP: 54/56 MP: 5/5
  3478 | D:4      | Reached skill level 6 in Unarmed Combat
  3596 | D:4      | Found Meafikh's General Store.
  3600 | D:4      | Bought a potion of heal wounds for 65 gold pieces
  3644 | D:4      | Found Tuymypsa's Antique Weapon Emporium.
  3756 | D:4      | Found Vaufidan's Armour Boutique.
  3927 | D:5      | Entered Level 5 of the Dungeon
  4136 | D:5      | Noticed Eustachio
  4182 | D:5      | Killed Eustachio
  4182 | D:5      | Reached XP level 7. HP: 20/62 MP: 6/6
  4216 | D:5      | HP: 3/62 [poisoned by Eustachio]
  4479 | D:5      | Reached skill level 7 in Unarmed Combat
  4484 | D:5      | Found a white marble altar of Elyvilon.
  4642 | D:5      | Found a shimmering altar of Xom.
  4644 | D:5      | Found a sparkling altar of Nemelex Xobeh.
  4653 | D:5      | Found an iron altar of Okawaru.
  4715 | D:5      | Reached skill level 5 in Armour
  4819 | D:5      | Reached skill level 8 in Unarmed Combat
  4819 | D:5      | Reached XP level 8. HP: 44/71 MP: 7/7
  5380 | D:5      | Identified the +7 arbalest of the New World {freeze, Dex+2}
  5541 | D:5      | Reached skill level 9 in Unarmed Combat
  5770 | D:4      | Bought the cursed +0 buckler of Wokhlat {rN+ Regen+ MP-9
                  | Str+5} for 47 gold pieces
  5835 | D:5      | Became a worshipper of Warmaster Okawaru
  5835 | D:5      | Reached * piety under Okawaru
  5835 | D:5      | Reached ** piety under Okawaru
  6014 | D:6      | Reached skill level 1 in Shields
  6121 | D:6      | Found a glowing golden altar of the Shining One.
  6496 | D:6      | Reached XP level 9. HP: 81/81 MP: 0/8
  6734 | D:7      | Found a staircase to the Ecumenical Temple.
  6741 | D:7      | Noticed Pikel
  6755 | D:7      | Killed Pikel
  6755 | D:7      | Reached *** piety under Okawaru
  6755 | D:7      | Reached skill level 10 in Unarmed Combat
  6884 | D:7      | Found a deep blue altar of Sif Muna.
  6958 | D:7      | Found Ilecaer's Distillery.
  6966 | D:7      | Bought a potion of heal wounds for 60 gold pieces
  7280 | D:7      | Found a runed translucent door.
  7281 | D:7      | Noticed Crazy Yiuf
  7323 | D:7      | Killed Crazy Yiuf
  7390 | D:8      | Reached **** piety under Okawaru
  7536 | D:8      | Found a roughly hewn altar of Beogh.
  7551 | D:8      | Reached skill level 11 in Unarmed Combat
  7643 | D:8      | Noticed Prince Ribbit
  7823 | D:8      | Reached XP level 10. HP: 91/91 MP: 0/9
  7874 | D:8      | Noticed a two-headed ogre
  7896 | D:8      | Killed a two-headed ogre
  7896 | D:8      | Reached skill level 5 in Shields
  8024 | D:8      | Noticed a green ugly thing
  8030 | D:8      | Killed a green ugly thing
  8030 | D:8      | Reached ***** piety under Okawaru
  8209 | D:8      | Killed Prince Ribbit
  8429 | D:8      | Found a shattered altar of Ashenzari.
  8605 | D:9      | Paralysed by a hornet for 1 turns
  8732 | D:9      | Noticed a manticore
  8752 | D:9      | Killed a manticore
  8752 | D:9      | Reached skill level 12 in Unarmed Combat
  8858 | D:9      | Reached skill level 10 in Fighting
  8924 | D:9      | Found an ornate altar of the Wu Jian Council.
  8924 | D:9      | Noticed Erolcha
  8924 | D:9      | Paralysed by Erolcha for 5 turns
  9052 | D:9      | Killed Erolcha
  9301 | D:9      | Reached XP level 11. HP: 85/101 MP: 1/10
  9380 | D:9      | Found a glowing silver altar of Zin.
  9426 | D:10     | Entered Level 10 of the Dungeon
  9442 | D:10     | Noticed Urug
  9453 | D:10     | Killed Urug
  9673 | D:10     | Received a gift from Okawaru
  9678 | D:10     | Reached skill level 13 in Unarmed Combat
  9683 | D:10     | Reached skill level 10 in Armour
  9745 | D:10     | Noticed Maurice
  9754 | D:10     | Killed Maurice
 10011 | D:10     | Found a staircase to the Lair.
 10086 | D:10     | Noticed Fannar
 10130 | D:10     | Killed Fannar
 10245 | D:10     | Found the +6 lightning scales {run, rElec}
 10395 | D:11     | Reached ****** piety under Okawaru
 10487 | D:11     | Noticed an orc knight
 10502 | D:11     | Received a gift from Okawaru
 10502 | D:11     | Reached skill level 14 in Unarmed Combat
 10522 | D:11     | Killed an orc knight
 10596 | D:11     | Found a staircase to the Orcish Mines.
 10596 | D:11     | Found Cug Xenoy's Weapon Boutique.
 10883 | D:11     | Reached XP level 12. HP: 111/111 MP: 2/11
 11129 | D:11     | Received a gift from Okawaru
 11262 | Lair:1   | Entered Level 1 of the Lair of Beasts
 11522 | Lair:1   | Noticed a seven-headed hydra
 11546 | Lair:1   | Killed a seven-headed hydra
 11546 | Lair:1   | Reached skill level 15 in Unarmed Combat
 11549 | Lair:1   | Noticed a four-headed hydra
 11838 | Lair:1   | Killed a four-headed hydra
 12522 | Lair:2   | Found a hole to the Spider Nest.
 12609 | Lair:2   | Found a staircase to the Swamp.
 12686 | Lair:2   | Found a runed translucent gate.
 12710 | Lair:2   | Received a gift from Okawaru
 12784 | Lair:2   | Found a runed translucent gate.
 12784 | Lair:2   | Found a runed translucent gate.
 12891 | Lair:2   | Reached skill level 16 in Unarmed Combat
 12902 | Lair:2   | Reached XP level 13. HP: 116/122 MP: 3/12
 13037 | Lair:2   | Noticed Masnef's ghost (journeyman DEMo)
 13038 | Lair:2   | Noticed P0WERM0DE's ghost (journeyman DDFi)
 13327 | Lair:2   | Killed P0WERM0DE's ghost
 13462 | Lair:2   | Killed Masnef's ghost
 13568 | Lair:3   | Received a gift from Okawaru
 14237 | Lair:3   | Found a runed translucent door.
 14823 | D:4      | Bought the +4 pair of gloves "Futuph" {rPois rN+ Int+4} for
                  | 676 gold pieces
 15236 | Lair:3   | HP: 1/123 [acid (14)]
 15237 | Lair:3   | Killed from afar by an oklob plant

Skill      XL: |  1  2  3  4  5  6  7  8  9 10 11 12 13 |
---------------+----------------------------------------+-----
Armour         | 1 2 3 4 5 6 8 9 11 12 13 | 13.2
Fighting       | 4 5 6 7 9 10 11 13 | 13.7
Unarmed Combat | 4 5 6 8 9 11 12 14 16 | 16.9
Shields        | 1 4 6 |  6.0
Dodging        | |  3.2
Stealth        | |  1.5

Action                   |  1- 3 |  4- 6 |  7- 9 | 10-12 | 13-15 || total
-------------------------+-------+-------+-------+-------+-------++-------
Melee: Unarmed           |   104 |   218 |   354 |   607 |   153 ||  1436
       Punch             |     1 |     1 |     4 |       |       ||     6
       Headbutt          |    11 |    46 |    73 |   177 |    50 ||   357
Evoke: Wand              |       |       |       |       |     1 ||     1
  Use: Scroll            |     4 |     1 |     9 |     4 |     8 ||    26
       Potion            |       |       |     2 |     2 |     2 ||     6
  Eat: Chunk             |     3 |     7 |    16 |    17 |     6 ||    49
Armor: Robe              |     5 |       |       |       |       ||     5
       Chain mail        |    43 |    97 |   122 |    22 |       ||   284
       Plate armour      |       |       |       |   240 |    58 ||   298
Dodge: Dodged            |    57 |    80 |   120 |   184 |    44 ||   485
Block: Buckler           |       |       |    34 |   120 |    28 ||   182
